 Dungeon Crawl Stone Soup version 0.29.1-1-gd02db6906a (webtiles) character file.

Game seed: 13104977269500610317

171 BlackCrag the Trooper (level 5, -2/42 HPs)
             Began as a Human Berserker on Oct 22, 2022.
             Was a Priest of Trog.
             Slain by a gnoll
             ... wielding a +0 spear
              (8 damage)
             ... on level 4 of the Dungeon.
             The game lasted 00:22:30 (1926 turns).

BlackCrag the Trooper (Human Berserker)             Turns: 1926, Time: 00:22:31

Health: -2/42      AC:  4    Str: 18    XL:     5   Next: 81%
Magic:  5/5        EV: 12    Int: 11    God:    Trog [***...]
Gold:   118        SH:  0    Dex: 12    Spells: 4/4 levels left

rFire   . . .      SeeInvis .   f - +2 hand axe (drain)
rCold   . . .      Faith    +   (no shield)
rNeg    . . .      Spirit   .   c - +0 leather armour
rPois   .          Reflect  .   v - +1 hat
rElec   .          Harm     .   (no cloak)
rCorr   .          Rampage  .   (no gloves)
Will    .....                   (no boots)
Stlth   +.........              k - amulet of faith
HPRegen 0.14/turn               (no ring)
MPRegen 0.09/turn               (no ring)

@: on berserk cooldown, slowed, very slow
A: hooves 1, clever 1
a: Renounce Religion, Berserk, Trog's Hand


You were on level 4 of the Dungeon.
You worshipped Trog.
Trog was most pleased with you.
You visited 1 branch of the dungeon, and saw 4 of its levels.

You collected 118 gold pieces.

Inventory:

Hand Weapons
 a - a +0 mace
 d - a +3 short sword of venom
 f - a +2 hand axe of draining (weapon)
 j - a +2 dagger of draining
 q - a +0 dagger
 z - the +4 dagger of Cataclysm {vorpal, Dex+2}
   (You found it on level 4 of the Dungeon)

   It inflicts extra damage upon your enemies.
   Dex:       It affects your dexterity (+2).
Missiles
 r - 8 poisoned darts
 y - 6 boomerangs (quivered)
Armour
 c - a +0 leather armour (worn)
 v - a +1 hat (worn)
Jewellery
 e - a ring of protection from cold
 k - an amulet of faith (around neck)
 l - an amulet of regeneration
 p - a ring of fire
Scrolls
 b - a scroll of fear {unknown}
 h - a scroll of enchant weapon
 m - a scroll of teleportation {unknown}
 n - a scroll of noise {unknown}
 o - a scroll of magic mapping {unknown}
 t - a scroll of fog {unknown}
 u - a scroll of identify {unknown}
 x - a scroll of vulnerability {unknown}
Potions
 g - a potion of heal wounds {unknown}
 i - a potion of haste
 s - a potion of might {unknown}
 w - a potion of brilliance {unknown}


   Skills:
 * Level 4.3 Fighting
 + Level 1.7(3.1) Axes
 + Level 4.0(4.2) Maces & Flails
 + Level 2.3 Armour
 + Level 2.6 Dodging


You had 4 spell levels left.
You didn't know any spells.
Your spell library contained the following spells:

 Spells                   Type           Power      Damage    Failure   Level
 Sting                    Tmut/Pois      0%         1d3       38%         1
 Poisonous Vapours        Pois/Air       0%         N/A       54%         2
 Olgreb's Toxic Radiance  Pois           0%         N/A       99%         4


Dungeon Overview and Level Annotations

Branches:
Dungeon (4/15)
 Temple: D:4-7

Altars:
Fedhas
Kikubaaqudgha
Yredelemnul


Innate Abilities, Weirdness & Mutations

You have large cloven feet.
Your mind is acute. (Int +4, Str/Dex -1)


Message History

You kill the ball python!
Trog accepts your kill. The gnoll barely misses you.
Blork the orc casts a spell.
Blork the orc seems to speed up.
A gnoll comes into view. It is wielding a +0 spear.
The gnoll shouts!
Things that are here:
a +0 club; a ball python corpse; a ball python corpse You barely miss the gnoll.
You kick the gnoll.
The gnoll is heavily wounded.
The gnoll closely misses you. The gnoll barely misses you.
You completely miss the gnoll. You kick the gnoll.
You kill the gnoll!
Trog accepts your kill.
The gnoll hits you from afar with a +0 spear!
You barely miss Blork the orc. You kick Blork the orc!
Blork the orc is moderately wounded.
Blork the orc misses you.
The gnoll hits you from afar with a +0 spear.
You slash Blork the orc! You kick Blork the orc.
Blork the orc is severely wounded.
Blork the orc hits you with a +0 hand axe.
* * * LOW HITPOINT WARNING * * *
You closely miss Blork the orc.
Blork the orc is severely wounded.
Blork the orc hits you with a +0 hand axe.
* * * LOW HITPOINT WARNING * * *
The gnoll hits you from afar with a +0 spear.
* * * LOW HITPOINT WARNING * * *
Blork the orc closely misses you.
You slash Blork the orc!
You kill Blork the orc!
Trog accepts your kill.
Trog appreciates your killing of a magic user.
You are no longer berserk.
You are exhausted.
You feel yourself slow down.
The gnoll hits you from afar with a +0 spear!
You die...

####### #.....#
#.()..# .### #.....#
..$### #...)<# #..#.
#.....# ##...
####.....#
..#^..$#####).......#
#......@†....##.....#
....##)###########..#
. ..g ##.# ###. ###
##


You could see a gnoll.

Vanquished Creatures
  Blork the orc (D:4)
  A vampire bat (D:3)
  2 gnolls (D:4)
  3 adders
  2 worms
  A dart slug (D:3)
  10 ball pythons
  2 bat skeletons (D:3)
  4 bat zombies (D:3)
  4 endoplasms
  2 giant cockroaches
  10 goblins
  2 hobgoblins (D:1)
  4 jackals (D:1)
  4 kobolds
  A quokka (D:3)
  6 bats
  5 frilled lizards
  10 rats
74 creatures vanquished.

Vanquished Creatures (others)
  43 plants (D:2)
43 creatures vanquished.

Grand Total: 117 creatures vanquished

Notes
Turn   | Place    | Note
-------+----------+-------------------------------------------
     0 | D:1      | BlackCrag the Human Berserker began the quest for the Orb.
     0 | D:1      | Reached XP level 1. HP: 18/18 MP: 1/1
   102 | D:1      | Reached XP level 2. HP: 20/24 MP: 2/2
   295 | D:1      | Reached XP level 3. HP: 26/29 MP: 3/3
   353 | D:1      | Reached ** piety under Trog
   848 | D:2      | Reached XP level 4. HP: 36/36 MP: 4/4
   996 | D:2      | Gained mutation: Your mind is acute. (Int +4, Str/Dex -1)
                  | [potion of mutation]
   996 | D:2      | Gained mutation: You have large cloven feet. [potion of
                  | mutation]
  1135 | D:3      | Found an ancient bone altar of Kikubaaqudgha.
  1173 | D:3      | Reached skill level 1 in Axes
  1173 | D:3      | Reached XP level 5. HP: 29/42 MP: 5/5
  1494 | D:3      | Reached *** piety under Trog
  1540 | D:3      | Found a basalt altar of Yredelemnul.
  1552 | D:3      | Found a blossoming altar of Fedhas.
  1896 | D:4      | Identified the +4 dagger of Cataclysm {vorpal, Dex+2}
  1916 | D:4      | Noticed Blork the orc
  1926 | D:4      | Killed Blork the orc
  1926 | D:4      | Slain by a gnoll

Illustrated notes

Levels and vault maps discovered:
D:1:      moated_graveyard_arrival, layout_loops_ring
D:2:      layout_basic, serial_bayou, serial_bayou_lagoon_a,
          serial_bayou_crossing, serial_bayou_pond_d, serial_bayou_pond_b,
          serial_bayou_lagoon_b
D:3:      layout_basic, kennysheep_vampire_church, grunt_temple_overflow_open,
          grunt_ministairs_8
D:4:      layout_rooms, nicolae_overflow_hidden_temple,
          mainiacjoe_overflow_swirl, uniq_crazy_yiuf_cottage, uniq_edmund,
          uniq_blork_the_orc

Skill      XL: |  1  2  3  4 |
---------------+-------------+-----
Maces & Flails | 4 |  4.0
Fighting       | 4 |  4.3
Axes           | 1 |  1.7
Armour         | |  2.3
Dodging        | |  2.6

Action                   |  1- 3 |  4- 6 || total
-------------------------+-------+-------++-------
Melee: Mace              |    39 |       ||    39
       Punch             |     3 |       ||     3
       Short sword       |    12 |       ||    12
       Hand axe          |    38 |    96 ||   134
       Kick              |       |    26 ||    26
Invok: Berserk           |       |     2 ||     2
  Use: Potion            |       |     2 ||     2
       Scroll            |       |     1 ||     1
 Stab: Sleeping          |     1 |       ||     1
Armor: Leather armour    |    28 |    41 ||    69
Dodge: Dodged            |    65 |    83 ||   148
